Map: Dash and Terminal LE (Void)

Players

SticklerMac

  • Race: Terran Terran
  • League: Bronze

kasi - Winner!

  • Race: Zerg Zerg
  • League: Bronze

VOD

Have the link to the VOD?

Description

Time

  • Played on: Aug. 4, 2015, 1:44 p.m.
  • Length: 5:02
Show
View Real Time Build Order
Export as new Build Order

SticklerMac Terran 

Build Orders:  

Get SALT Encoding   

  12  0:00  SCV  
  13  0:12  SCV  
  14  0:20  Supply Depot  
  14  0:25  SCV  
  15  0:42  SCV  
  16  0:44  Barracks  
  16  0:54  SCV  
  17  1:02  Supply Depot  
  17  1:06  SCV  
  18  1:16  Barracks  
  18  1:23  SCV  
  19  1:35  Barracks, Marine  
  20  1:46  Refinery  
  20  1:53  Marine  
  21  2:04  Marine  
  21  2:05  Barracks  
  22  2:10  Marine  
  23  2:23  Marine  
  23  2:24  Barracks  
  23  2:25  Marine  
  23  2:28  Marine  
  26  2:31  Supply Depot  
  26  2:41  Marine  
  26  2:43  Marine  
  28  2:46  Marine  
  29  2:53  Marine  
  30  2:59  Marine  
  30  3:01  Marine  
  30  3:04  Marine  
  33  3:11  Marine x2  
  35  3:16  Marine  
  35  3:18  Marine  
  35  3:19  Supply Depot  
  37  3:22  Marine  
  37  3:29  Marine x2  
  39  3:37  Marine  
  39  3:41  Marine x2  
  41  3:46  Marine  
  41  3:47  Marine  
  43  3:54  Supply Depot, Marine  
  44  3:59  Marine x2  
  43  4:04  Marine  
  43  4:05  Marine  
  36  4:12  Marine  
  36  4:16  Marine x2  
  33  4:22  Marine x2  
  29  4:30  Marine  
  26  4:34  Marine x2  
  25  4:40  Marine x2  
Show
View Real Time Build Order
Export as new Build Order

kasi Zerg - Winner!

Build Orders: Pool First 

Get SALT Encoding   

  12  0:01  Drone  
  13  0:10  Drone  
  14  0:18  Overlord  
  14  0:37  Drone x3  
  14  0:39  Extractor  
  16  0:50  Spawning Pool  
  15  0:57  Drone  
  16  1:20  Hatchery  
  15  1:26  Drone  
  15  1:27  Drone  
  15  1:31  Drone  
  18  1:41  Queen  
  20  1:47  Zergling x2  
  21  1:55  Overlord  
  21  2:04  Drone  
  21  2:07  Metabolic Boost  
  22  2:14  Drone  
  23  2:26  Drone  
  24  2:32  Drone  
  24  2:33  Extractor  
  26  2:40  Zergling x2  
  25  2:53  Queen  
  25  2:57  Spine Crawler  
  23  3:00  Spine Crawler  
  23  3:02  Spine Crawler  
  23  3:05  Spine Crawler  
  19  3:12  Zergling x4  
  20  3:26  Zergling x6  
  22  3:55  Baneling Nest  
  22  3:59  Zergling x4  
  22  4:00  Zergling x8  
  23  4:13  Zergling x4  
  24  4:29  Zergling x2  
  24  4:30  Zergling x6  
  26  4:44  Zergling x4  
Tags
 
Add a new tag
Caveats
  • Supply blocks, unpowered buildings, or Contaminate may cause inaccurate times.
  • Supply counts are checked every 10 seconds.